Phantoms vs Griffins
Created - January 30, 2023 at 19:26
Goals
|
Phantoms |
1 |
1 |
0 |
2 |
Griffins |
1 |
1 |
2 |
4 |
|
Shots
|
Phantoms |
16 |
4 |
15 |
35 |
Griffins |
17 |
13 |
9 |
39 |
|
1st period
1. Griffins , Lucas Lessio 12 (Jack Studnicka 2) at 13:27
2. Phantoms , Alex DeBrincat 18 (Rinat Valiev 7, Devon Teows 7) at 15:08
Penalties :
Danny Kristo (Gra) for Tripping (Minor) at 15:11
2nd period
3. Phantoms , Morgan Klimchuk 12 (Lucas Wallmarkk 13, Sven Andrighetto 16) at 5:23
4. Griffins , Danny Kristo 16 (Ryan Lindgren 4) at 11:32
Penalties :
Tyler Bertuzzi (Gra) for Hooking (Minor) at 16:59
3rd period
5. Griffins , Adam Gaudette 4 (Jack Roslovic 35, Nico Hischier 14) at 2:25 (PP)
6. Griffins , Tyler Bertuzzi 14 (Danny Kristo 20, Sonny Milano 20) at 9:52
Penalties :
Nick Sorensen (Leh) for Hooking (Minor) at 2:08, Joe Morrow (Gra) for Interference (Minor) at 7:24, Reid McNeill (Leh) for Roughing (Minor) at 11:43, Tyler Bertuzzi (Gra) for High sticking (Minor) at 18:59
Goalie Stats
Anton Forsberg (Leh), 35 saves from 39 shots - (0.897), L, 15-8-2, 60:00 minutes
Adam Werner (Gra), 33 saves from 35 shots - (0.943), W, 2-3-1, 60:00 minutes
Players Stats for Phantoms
Player Name G A P +/- PIM S H SB GA TA FO MP PP MP PK MP
------------------------------------------------------------------------------------
A.J. Greer 0 0 0 0 0 0 0 0 0 0 0/0 1:11 0:04 0:46
Alex DeBrincat 1 0 1 0 0 2 2 1 1 0 0/2 21:29 3:13 1:15
Anthony Angello 0 0 0 0 0 0 0 0 0 0 0/0 0:57 0:32 0:25
Blake Heinrich 0 0 0 -1 0 2 3 3 0 0 0/0 24:28 4:09 1:35
Brendan Leipsic 0 0 0 -2 0 1 0 1 0 0 0/0 7:52 0:00 0:04
Brett Murray 0 0 0 0 0 0 0 0 0 0 0/0 0:00 0:00 0:00
Cal Foote 0 0 0 -1 0 1 1 0 0 0 0/0 9:38 0:00 0:00
Cristoval Nieves 0 0 0 0 0 4 3 0 1 0 13/23 20:37 3:13 0:23
David Kampf 0 0 0 -2 0 2 0 0 1 0 1/4 7:33 0:00 0:00
Devon Teows 0 1 1 1 0 3 3 1 0 0 0/0 19:55 2:48 0:41
Erik Nystrom 0 0 0 0 0 3 1 1 0 1 0/0 12:44 0:00 0:00
JC Lipon 0 0 0 -2 0 0 2 0 0 0 0/0 7:56 0:23 0:00
Joe Snively 0 0 0 0 0 2 2 1 1 0 2/3 12:44 0:00 0:00
Laurent Dauphin 0 0 0 0 0 0 0 0 0 0 0/0 0:25 0:25 0:00
Lucas Wallmarkk 0 1 1 1 0 0 1 1 0 0 4/12 16:26 3:12 0:00
Matt Kiersted 0 0 0 0 0 0 0 0 0 0 0/0 6:15 0:00 0:16
Michael Bournival 0 0 0 0 0 7 1 0 0 1 4/8 21:30 3:19 1:16
Mikko Lehtonen 0 0 0 -1 0 0 2 2 0 0 0/0 11:58 0:00 1:02
Morgan Klimchuk 1 0 1 1 0 5 1 0 0 0 2/2 16:32 3:18 0:00
Nick Sorensen 0 0 0 0 2 0 2 1 0 0 0/0 12:43 0:00 0:00
Reid McNeill 0 0 0 -1 2 0 1 2 1 1 0/0 22:06 4:09 0:17
Riley Stillman 0 0 0 0 0 0 0 1 0 0 0/0 5:59 0:00 0:00
Rinat Valiev 0 1 1 1 0 3 1 0 0 0 0/0 19:55 2:48 0:41
Sven Andrighetto 0 1 1 1 0 0 6 0 0 0 0/2 16:49 3:12 0:23
Players Stats for Griffins
Player Name G A P +/- PIM S H SB GA TA FO MP PP MP PK MP
------------------------------------------------------------------------------------
Adam Gaudette 1 0 1 -1 0 4 1 0 0 0 2/2 15:13 1:18 0:00
Brendan Woods 0 0 0 -1 0 1 4 0 0 0 0/0 17:09 0:45 3:55
Chris Bigras 0 0 0 1 0 2 1 2 0 1 0/0 24:36 0:00 4:44
Cody Glass 0 0 0 1 0 1 0 0 0 0 2/4 8:45 0:05 0:21
Danny Kristo 1 1 2 2 2 3 1 1 0 1 0/5 19:58 0:53 2:53
Dmitri Orlov 0 0 0 -1 0 1 2 2 0 1 0/0 17:13 0:45 0:00
Ian McCoshen 0 0 0 -1 0 0 1 3 1 0 0/0 18:33 0:00 2:13
Jack Roslovic 0 1 1 2 0 4 4 0 0 0 17/26 17:29 1:18 0:00
Jack Studnicka 0 1 1 1 0 2 1 0 0 0 1/2 10:03 0:05 1:20
Joe Morrow 0 0 0 1 2 2 0 3 0 0 0/0 15:58 1:31 0:00
Lucas Lessio 1 0 1 1 0 4 0 0 1 0 0/0 10:47 0:05 2:41
Nico Hischier 0 1 1 -1 0 1 0 0 0 0 2/8 16:15 1:31 0:52
Riley Armstrong 0 0 0 -1 0 2 2 0 0 0 5/7 14:20 0:53 1:31
Ryan Lindgren 0 1 1 2 0 2 0 2 0 1 0/0 19:51 0:00 4:44
Ryan Pulock 0 0 0 0 0 1 0 2 0 0 0/0 21:25 0:00 2:13
Sonny Milano 0 1 1 -1 0 3 1 1 1 0 1/1 15:28 0:53 0:21
Troy Terry 0 0 0 -1 0 1 1 0 0 0 0/0 12:29 0:00 0:00
Tyler Bertuzzi 1 0 1 2 4 5 1 0 0 1 0/1 17:27 1:18 0:00
3 Stars
1 - Danny Kristo (Gra)
2 - Adam Werner (Gra)
3 - Jack Roslovic (Gra)
Power Play
Phantoms - 0 on 4 Attempt(s) - 0.00%
Griffins - 1 on 2 Attempt(s) - 50.00%
Penalty Kill
Phantoms - 1 on 2 Attempt(s) - 50.00%
- Score 0 goal in Penalty Kill
Griffins - 4 on 4 Attempt(s) - 100.00%
- Score 0 goal in Penalty Kill
Team Stat
Phantoms - Hits : 32 - Faceoff Wins : 26 - Blocked Shots : 15 - Penalty Minutes : 4
Griffins - Hits : 20 - Faceoff Wins : 30 - Blocked Shots : 16 - Penalty Minutes : 8
Official
Referees : Michael Markovic and Reid Anderson
Linesman : Matt MacPherson and Shandor Alphonso
Game Notes
No Game Note
Finance
Level 1 -- Attendance: 1743 (87.15%) -- Ticket Income $61,005
Level 2 -- Attendance: 904 (90.40%) -- Ticket Income $13,560
Total Attendance: 2647 (88.23%)
Total Ticket Income: $74,565
Other Income: $3,728
Total Income: $78,293
Phantoms
5 vs 5 Forward
Center Left Wing Right Wing Time % Phy DF OF
1 Cristoval Nieves Michael Bournival Alex DeBrincat 40 1 2 2
2 Lucas Wallmarkk Morgan Klimchuk Sven Andrighetto 30 1 2 2
3 Joe Snively Erik Nystrom Nick Sorensen 20 1 2 2
4 David Kampf Brendan Leipsic JC Lipon 10 1 2 2
5 vs 5 Defense
Defense Defense Time % Phy DF OF
1 Reid McNeill Blake Heinrich 40 1 2 2
2 Rinat Valiev Devon Teows 30 1 2 2
3 Cal Foote Mikko Lehtonen 20 1 2 2
4 Matt Kiersted Riley Stillman 10 1 2 2
PowerPlay Forward
Center Left Wing Right Wing Time % Phy DF OF
1 Cristoval Nieves Michael Bournival Alex DeBrincat 60 1 2 2
2 Lucas Wallmarkk Morgan Klimchuk Sven Andrighetto 40 1 2 2
PowerPlay Defense
Defense Defense Time % Phy DF OF
1 Reid McNeill Blake Heinrich 60 1 2 2
2 Rinat Valiev Devon Teows 40 1 2 2
Penalty Kill 4 Players Forward
Center Wing Time % Phy DF OF
1 Michael Bournival Alex DeBrincat 60 1 2 2
2 Sven Andrighetto Cristoval Nieves 40 1 2 2
Penalty Kill 4 Players Defense
Defense Defense Time % Phy DF OF
1 Reid McNeill Blake Heinrich 60 1 2 2
2 Rinat Valiev Devon Teows 40 1 2 2
Penalty Kill - 3 Players Forward
Forward Time % Phy DF OF
1 Michael Bournival 60 1 2 2
2 Alex DeBrincat 40 1 2 2
Penalty Kill - 3 Players Defense
Defense Defense Time % Phy DF OF
1 Reid McNeill Blake Heinrich 60 1 2 2
2 Rinat Valiev Devon Teows 40 1 2 2
4 vs 4 Forward
Center Wing Time % Phy DF OF
1 Michael Bournival Alex DeBrincat 60 1 2 2
2 Sven Andrighetto Cristoval Nieves 40 1 2 2
4 vs 4 Defense
Defense Defense Time % Phy DF OF
1 Reid McNeill Blake Heinrich 60 1 2 2
2 Rinat Valiev Devon Teows 40 1 2 2
Last Minutes Offensive
Center Left Wing Right Wing Defense Defense
Cristoval Nieves Michael Bournival Alex DeBrincat Reid McNeill Blake Heinrich
Last Minutes Defensive
Center Left Wing Right Wing Defense Defense
Cristoval Nieves Michael Bournival Alex DeBrincat Reid McNeill Blake Heinrich
Goaltenders
Starting : Anton Forsberg
Backup : Zachary Fucale
Extra Forwards
Normal : Laurent Dauphin, Anthony Angello, A.J. Greer - PP : Laurent Dauphin, Anthony Angello - PK : A.J. Greer
Extra Defensemen
Normal : Cal Foote, Mikko Lehtonen, Matt Kiersted - PP : Cal Foote - PK : Mikko Lehtonen, Matt Kiersted
Penalty Shots
Michael Bournival, Alex DeBrincat, Sven Andrighetto, Cristoval Nieves, Morgan Klimchuk
Scratches
Brenden Kichton (Healthy), Cooper Marody (Healthy), Nick Shore (Healthy), Victor Berglund (Healthy), Fabian Zetterlund (Healthy)
Jason Kasdorf (Healthy), Zachary Sawchenko (Healthy)
Griffins
5 vs 5 Forward
Center Left Wing Right Wing Time % Phy DF OF
1 Jack Roslovic Tyler Bertuzzi Danny Kristo 40 1 2 2
2 Nico Hischier Sonny Milano Adam Gaudette 30 1 2 2
3 Riley Armstrong Brendan Woods Troy Terry 20 1 2 2
4 Cody Glass Lucas Lessio Jack Studnicka 10 1 2 2
5 vs 5 Defense
Defense Defense Time % Phy DF OF
1 Ryan Pulock Chris Bigras 40 1 4 0
2 Dmitri Orlov Ian McCoshen 30 1 4 0
3 Joe Morrow Ryan Lindgren 20 1 4 0
4 Joe Morrow Ryan Lindgren 10 1 4 0
PowerPlay Forward
Center Left Wing Right Wing Time % Phy DF OF
1 Jack Roslovic Tyler Bertuzzi Adam Gaudette 60 1 2 2
2 Riley Armstrong Sonny Milano Danny Kristo 40 1 2 2
PowerPlay Defense
Defense Defense Time % Phy DF OF
1 Joe Morrow Nico Hischier 60 1 2 2
2 Dmitri Orlov Brendan Woods 40 1 2 2
Penalty Kill 4 Players Forward
Center Wing Time % Phy DF OF
1 Danny Kristo Brendan Woods 60 1 2 2
2 Riley Armstrong Lucas Lessio 40 1 2 2
Penalty Kill 4 Players Defense
Defense Defense Time % Phy DF OF
1 Chris Bigras Ryan Lindgren 60 1 2 2
2 Ryan Pulock Ian McCoshen 40 1 2 2
Penalty Kill - 3 Players Forward
Forward Time % Phy DF OF
1 Brendan Woods 60 1 2 2
2 Riley Armstrong 40 1 2 2
Penalty Kill - 3 Players Defense
Defense Defense Time % Phy DF OF
1 Chris Bigras Ryan Lindgren 60 1 2 2
2 Ian McCoshen Ryan Pulock 40 1 2 2
4 vs 4 Forward
Center Wing Time % Phy DF OF
1 Jack Roslovic Tyler Bertuzzi 60 1 2 2
2 Riley Armstrong Lucas Lessio 40 1 2 2
4 vs 4 Defense
Defense Defense Time % Phy DF OF
1 Ian McCoshen Dmitri Orlov 60 1 2 2
2 Chris Bigras Ryan Pulock 40 1 2 2
Last Minutes Offensive
Center Left Wing Right Wing Defense Defense
Jack Roslovic Tyler Bertuzzi Adam Gaudette Danny Kristo Dmitri Orlov
Last Minutes Defensive
Center Left Wing Right Wing Defense Defense
Riley Armstrong Brendan Woods Lucas Lessio Chris Bigras Ian McCoshen
Goaltenders
Starting : Adam Werner
Backup : Joni Ortio
Extra Forwards
Normal : Tyler Bertuzzi, Brendan Woods, Troy Terry - PP : Lucas Lessio, Sonny Milano - PK : Jack Studnicka
Extra Defensemen
Normal : Ian McCoshen, Ryan Pulock, Dmitri Orlov - PP : Ian McCoshen - PK : Ryan Lindgren, Dmitri Orlov
Penalty Shots
Jack Roslovic, Adam Gaudette, Riley Armstrong, Lucas Lessio, Brendan Woods
Scratches
Klim Kostin (Healthy), Morgan Barron (Healthy), Lias Andersson (Healthy), Greg McKegg (Healthy), Jack Ramsey (Healthy)
Sebastian Ahaut (Healthy), Konrad Abeltshauser (Healthy), Michael Bunting (Healthy), Conor Timmins (Healthy), Tanner Kero (Healthy)
Tomas Hyka (Healthy), Vladislav Namestnikov (Healthy), Nick Swaney (Healthy), Marcus Hogberg (Healthy), Philippe Desrosiers (Healthy)
% Time on Ice - Phantoms
Lines # - Real PCT - Wanted PCT - Time Play
Normal Forward
1 - 34% - 40% - 17:16
2 - 26% - 30% - 13:14
3 - 25% - 20% - 12:44
4 - 15% - 10% - 7:33
Normal Defense
1 - 37% - 40% - 18:44
2 - 32% - 30% - 16:26
3 - 19% - 20% - 9:38
4 - 12% - 10% - 5:59
PP Forward
1 - 52% - 60% - 3:36
2 - 48% - 40% - 3:21
PP Defense
1 - 60% - 60% - 4:09
2 - 40% - 40% - 2:48
PK Forward
1 - 83% - 60% - 1:53
2 - 17% - 40% - 0:23
PK Defense
1 - 70% - 60% - 1:35
2 - 30% - 40% - 0:41
PK3 Forward
1 - 0% - 60%
2 - 0% - 40%
PK3 Defense
1 - 0% - 60%
2 - 0% - 40%
44 Forward
1 - 0% - 60%
2 - 0% - 40%
44 Defense
1 - 0% - 60%
2 - 0% - 40%
Last Minute Offensive - 0:00
Last Minute Defensive - 0:00
Total
Forward - 60:00
Defense - 60:00
|
% Time on Ice - Griffins
Lines # - Real PCT - Wanted PCT - Time Play
Normal Forward
1 - 32% - 40% - 16:28
2 - 29% - 30% - 14:37
3 - 23% - 20% - 11:56
4 - 15% - 10% - 7:46
Normal Defense
1 - 39% - 40% - 19:52
2 - 32% - 30% - 16:28
3 - 20% - 20% - 10:04
4 - 9% - 10% - 4:23
PP Forward
1 - 61% - 60% - 1:23
2 - 39% - 40% - 0:53
PP Defense
1 - 67% - 60% - 1:31
2 - 33% - 40% - 0:45
PK Forward
1 - 78% - 60% - 5:26
2 - 22% - 40% - 1:31
PK Defense
1 - 68% - 60% - 4:44
2 - 32% - 40% - 2:13
PK3 Forward
1 - 0% - 60%
2 - 0% - 40%
PK3 Defense
1 - 0% - 60%
2 - 0% - 40%
44 Forward
1 - 0% - 60%
2 - 0% - 40%
44 Defense
1 - 0% - 60%
2 - 0% - 40%
Last Minute Offensive - 0:00
Last Minute Defensive - 0:00
Total
Forward - 60:00
Defense - 60:00
|
Play-by-Play
1st period
0:01 of 1st period - Cristoval Nieves wins face-off versus Jack Roslovic in neutral zone.
0:26 of 1st period - Ryan Pulock is hit by Sven Andrighetto and loses puck.
0:52 of 1st period - Snap shot by Riley Armstrong.
0:52 of 1st period - Stopped by Anton Forsberg with a rebound.
0:54 of 1st period - Slapshot by Ryan Lindgren.
0:54 of 1st period - Stopped by Anton Forsberg without a rebound.
0:55 of 1st period - Cody Glass wins face-off versus David Kampf in Phantoms zone.
1:02 of 1st period - Snap shot by Lucas Lessio.
1:02 of 1st period - Stopped by Anton Forsberg with a rebound.
2:04 of 1st period - Snap shot by David Kampf.
2:04 of 1st period - Stopped by Adam Werner without a rebound.
2:05 of 1st period - David Kampf wins face-off versus Nico Hischier in Griffins zone.
2:36 of 1st period - Slapshot by Sonny Milano.
2:36 of 1st period - Stopped by Anton Forsberg without a rebound.
2:37 of 1st period - Cristoval Nieves wins face-off versus Jack Roslovic in Phantoms zone.
3:13 of 1st period - Slapshot by Joe Snively.
3:13 of 1st period - Shot Blocked by Joe Morrow.
3:42 of 1st period - Snap shot by Erik Nystrom.
3:42 of 1st period - Stopped by Adam Werner with a rebound.
4:12 of 1st period - Off-side.
4:13 of 1st period - Cristoval Nieves wins face-off versus Cody Glass in neutral zone.
4:20 of 1st period - Slapshot by Alex DeBrincat.
4:20 of 1st period - Stopped by Adam Werner with a rebound.
4:22 of 1st period - Backhand shot by Michael Bournival.
4:22 of 1st period - Stopped by Adam Werner with a rebound.
4:28 of 1st period - Snap shot by Cristoval Nieves.
4:28 of 1st period - Stopped by Adam Werner with a rebound.
5:28 of 1st period - Wrist shot by Lucas Lessio.
5:28 of 1st period - Stopped by Anton Forsberg with a rebound.
5:30 of 1st period - Backhand shot by Cody Glass.
5:30 of 1st period - Stopped by Anton Forsberg with a rebound.
5:32 of 1st period - Slapshot by Chris Bigras.
5:32 of 1st period - Shot Misses the Net.
5:34 of 1st period - Slapshot by Chris Bigras.
5:34 of 1st period - Shot Misses the Net.
5:36 of 1st period - Slapshot by Chris Bigras.
5:36 of 1st period - Stopped by Anton Forsberg without a rebound.
5:37 of 1st period - Lucas Wallmarkk wins face-off versus Jack Roslovic in Phantoms zone.
5:44 of 1st period - Wrist shot by Jack Roslovic.
5:44 of 1st period - Stopped by Anton Forsberg without a rebound.
5:45 of 1st period - Jack Roslovic wins face-off versus Lucas Wallmarkk in Phantoms zone.
5:58 of 1st period - Snap shot by Jack Roslovic.
5:58 of 1st period - Stopped by Anton Forsberg with a rebound.
6:00 of 1st period - Wrist shot by Jack Roslovic.
6:00 of 1st period - Shot Hit the Post.
6:17 of 1st period - Snap shot by Alex DeBrincat.
6:17 of 1st period - Shot Misses the Net.
6:33 of 1st period - Slapshot by Brendan Woods.
6:33 of 1st period - Shot Misses the Net.
6:35 of 1st period - Slapshot by Joe Morrow.
6:35 of 1st period - Shot Blocked by Nick Sorensen.
6:37 of 1st period - Backhand shot by Brendan Woods.
6:37 of 1st period - Stopped by Anton Forsberg with a rebound.
6:39 of 1st period - Slapshot by Brendan Woods.
6:39 of 1st period - Shot Misses the Net.
6:51 of 1st period - Snap shot by Danny Kristo.
6:51 of 1st period - Shot Blocked by Riley Stillman.
6:53 of 1st period - Slapshot by Ryan Pulock.
6:53 of 1st period - Stopped by Anton Forsberg with a rebound.
6:55 of 1st period - Snap shot by Tyler Bertuzzi.
6:55 of 1st period - Stopped by Anton Forsberg without a rebound.
6:56 of 1st period - Jack Roslovic wins face-off versus Cristoval Nieves in Phantoms zone.
7:22 of 1st period - Ryan Pulock is hit by Devon Teows and loses puck.
7:29 of 1st period - Rinat Valiev is hit by Jack Roslovic and loses puck.
7:51 of 1st period - Morgan Klimchuk is hit by Danny Kristo and loses puck.
8:51 of 1st period - Snap shot by Brendan Leipsic.
8:51 of 1st period - Stopped by Adam Werner with a rebound.
8:53 of 1st period - Slapshot by Mikko Lehtonen.
8:53 of 1st period - Deflect By David Kampf.
8:53 of 1st period - Shot Blocked by Chris Bigras.
8:53 of 1st period - Puck is out of play.
8:54 of 1st period - Adam Gaudette wins face-off versus David Kampf in Griffins zone.
9:19 of 1st period - Cal Foote is hit by Dmitri Orlov and loses puck.
9:29 of 1st period - Off-side.
9:30 of 1st period - Nico Hischier wins face-off versus Sven Andrighetto in neutral zone.
10:10 of 1st period - Wrist shot by Jack Roslovic.
10:10 of 1st period - Stopped by Anton Forsberg with a rebound.
10:43 of 1st period - Snap shot by David Kampf.
10:43 of 1st period - Shot Misses the Net.
11:21 of 1st period - Ian McCoshen is hit by Devon Teows and loses puck.
11:46 of 1st period - Snap shot by Joe Snively.
11:46 of 1st period - Shot Misses the Net.
11:48 of 1st period - Slapshot by Devon Teows.
11:48 of 1st period - Stopped by Adam Werner without a rebound.
11:49 of 1st period - Morgan Klimchuk wins face-off versus Jack Roslovic in Griffins zone.
12:02 of 1st period - Slapshot by Morgan Klimchuk.
12:02 of 1st period - Shot Misses the Net.
12:04 of 1st period - Wrist shot by Lucas Wallmarkk.
12:04 of 1st period - Shot Misses the Net.
12:14 of 1st period - Danny Kristo is hit by Mikko Lehtonen and loses puck.
12:21 of 1st period - Slapshot by Joe Snively.
12:21 of 1st period - Shot Blocked by Joe Morrow.
12:39 of 1st period - Wrist shot by Cristoval Nieves.
12:39 of 1st period - Shot Blocked by Joe Morrow.
12:41 of 1st period - Slapshot by Devon Teows.
12:41 of 1st period - Deflect By Joe Morrow.
12:41 of 1st period - Stopped by Adam Werner with a rebound.
13:27 of 1st period - Snap shot by Lucas Lessio.
13:27 of 1st period - Goal by Lucas Lessio - Phantoms : 0 - Griffins : 1.
13:28 of 1st period - Jack Roslovic wins face-off versus Cristoval Nieves in neutral zone.
13:39 of 1st period - Snap shot by Tyler Bertuzzi.
13:39 of 1st period - Shot Misses the Net.
13:57 of 1st period - Backhand shot by Michael Bournival.
13:57 of 1st period - Shot Blocked by Ian McCoshen.
14:10 of 1st period - Wrist shot by Michael Bournival.
14:10 of 1st period - Stopped by Adam Werner with a rebound.
14:12 of 1st period - Snap shot by Alex DeBrincat.
14:12 of 1st period - Shot Blocked by Ian McCoshen.
14:14 of 1st period - Snap shot by Michael Bournival.
14:14 of 1st period - Stopped by Adam Werner with a rebound.
14:18 of 1st period - Slapshot by Michael Bournival.
14:18 of 1st period - Deflect By Cristoval Nieves.
14:18 of 1st period - Stopped by Adam Werner with a rebound.
14:40 of 1st period - Snap shot by Michael Bournival.
14:40 of 1st period - Stopped by Adam Werner with a rebound.
14:46 of 1st period - Snap shot by Michael Bournival.
14:46 of 1st period - Shot Blocked by Ian McCoshen.
14:52 of 1st period - Wrist shot by Michael Bournival.
14:52 of 1st period - Stopped by Adam Werner with a rebound.
14:54 of 1st period - Snap shot by Cristoval Nieves.
14:54 of 1st period - Shot Misses the Net.
14:56 of 1st period - Wrist shot by Cristoval Nieves.
14:56 of 1st period - Shot Misses the Net.
14:58 of 1st period - Wrist shot by Michael Bournival.
14:58 of 1st period - Shot Blocked by Dmitri Orlov.
15:00 of 1st period - Snap shot by Cristoval Nieves.
15:00 of 1st period - Shot Misses the Net.
15:02 of 1st period - Slapshot by Devon Teows.
15:02 of 1st period - Stopped by Adam Werner with a rebound.
15:04 of 1st period - Wrist shot by Alex DeBrincat.
15:04 of 1st period - Shot Misses the Net.
15:06 of 1st period - Wrist shot by Rinat Valiev.
15:06 of 1st period - Deflect By Dmitri Orlov.
15:06 of 1st period - Stopped by Adam Werner with a rebound.
15:08 of 1st period - Snap shot by Alex DeBrincat.
15:08 of 1st period - Goal by Alex DeBrincat - Phantoms : 1 - Griffins : 1.
15:09 of 1st period - Jack Roslovic wins face-off versus Lucas Wallmarkk in neutral zone.
15:11 of 1st period - Minor Penalty to Danny Kristo for Tripping.
15:12 of 1st period - Jack Studnicka wins face-off versus Lucas Wallmarkk in Griffins zone.
16:11 of 1st period - Ryan Pulock is hit by Blake Heinrich and loses puck.
16:44 of 1st period - Slapshot by JC Lipon.
16:44 of 1st period - Shot Misses the Net.
17:11 of 1st period - Penalty to Danny Kristo is over, Danny Kristo is back on ice.
17:16 of 1st period - Blake Heinrich is hit by Jack Roslovic and loses puck.
17:25 of 1st period - Blake Heinrich is hit by Jack Roslovic and loses puck.
17:38 of 1st period - Mikko Lehtonen is hit by Ian McCoshen and loses puck.
17:57 of 1st period - Snap shot by David Kampf.
17:57 of 1st period - Shot Misses the Net.
18:21 of 1st period - Brendan Woods is hit by Sven Andrighetto and loses puck.
18:56 of 1st period - Snap shot by Jack Studnicka.
18:56 of 1st period - Stopped by Anton Forsberg with a rebound.
19:18 of 1st period - Cal Foote is hit by Brendan Woods and loses puck.
19:23 of 1st period - Snap shot by Riley Armstrong.
19:23 of 1st period - Stopped by Anton Forsberg without a rebound.
19:24 of 1st period - Riley Armstrong wins face-off versus Michael Bournival in Phantoms zone.
19:44 of 1st period - Joe Morrow is hit by Michael Bournival and loses puck.
19:51 of 1st period - Wrist shot by Jack Roslovic.
19:51 of 1st period - Stopped by Anton Forsberg without a rebound.
19:52 of 1st period - Joe Snively wins face-off versus Jack Roslovic in Phantoms zone.
Goals for this period are 1 for Phantoms vs 1 for Griffins.
Shots for this period are 16 for Phantoms vs 17 for Griffins.
2nd period
0:01 of 2nd period - Lucas Wallmarkk wins face-off versus Tyler Bertuzzi in neutral zone.
0:26 of 2nd period - Chris Bigras is hit by Blake Heinrich and loses puck.
0:35 of 2nd period - Snap shot by Joe Snively.
0:35 of 2nd period - Shot Misses the Net.
0:37 of 2nd period - Wrist shot by Mikko Lehtonen.
0:37 of 2nd period - Deflect By Joe Snively.
0:37 of 2nd period - Shot Blocked by Ryan Pulock.
0:37 of 2nd period - Puck is out of play.
0:38 of 2nd period - Nico Hischier wins face-off versus Lucas Wallmarkk in Griffins zone.
0:45 of 2nd period - Snap shot by Adam Gaudette.
0:45 of 2nd period - Stopped by Anton Forsberg with a rebound.
0:47 of 2nd period - Slapshot by Ryan Lindgren.
0:47 of 2nd period - Deflect By Nico Hischier.
0:47 of 2nd period - Shot Blocked by Lucas Wallmarkk.
0:47 of 2nd period - Puck is out of play.
0:48 of 2nd period - Lucas Wallmarkk wins face-off versus Nico Hischier in Phantoms zone.
1:01 of 2nd period - Wrist shot by Adam Gaudette.
1:01 of 2nd period - Shot Misses the Net.
1:03 of 2nd period - Slapshot by Ryan Lindgren.
1:03 of 2nd period - Shot Blocked by Blake Heinrich.
1:05 of 2nd period - Backhand shot by Joe Morrow.
1:05 of 2nd period - Stopped by Anton Forsberg without a rebound.
1:06 of 2nd period - Jack Roslovic wins face-off versus Alex DeBrincat in Phantoms zone.
1:09 of 2nd period - Slapshot by Tyler Bertuzzi.
1:09 of 2nd period - Stopped by Anton Forsberg with a rebound.
1:17 of 2nd period - Wrist shot by Tyler Bertuzzi.
1:17 of 2nd period - Shot Blocked by Reid McNeill.
1:19 of 2nd period - Snap shot by Danny Kristo.
1:19 of 2nd period - Deflect By Tyler Bertuzzi.
1:19 of 2nd period - Stopped by Anton Forsberg with a rebound.
1:31 of 2nd period - Ryan Pulock is hit by Sven Andrighetto and loses puck.
1:40 of 2nd period - Cal Foote is hit by Adam Gaudette and loses puck.
1:59 of 2nd period - Snap shot by Erik Nystrom.
1:59 of 2nd period - Stopped by Adam Werner with a rebound.
2:03 of 2nd period - Snap shot by Joe Snively.
2:03 of 2nd period - Stopped by Adam Werner without a rebound.
2:04 of 2nd period - Cristoval Nieves wins face-off versus Danny Kristo in Griffins zone.
2:07 of 2nd period - Wrist shot by Michael Bournival.
2:07 of 2nd period - Shot Blocked by Danny Kristo.
2:09 of 2nd period - Wrist shot by Cristoval Nieves.
2:09 of 2nd period - Shot Blocked by Dmitri Orlov.
2:11 of 2nd period - Wrist shot by Michael Bournival.
2:11 of 2nd period - Stopped by Adam Werner without a rebound.
2:12 of 2nd period - Jack Roslovic wins face-off versus Cristoval Nieves in Griffins zone.
2:12 of 2nd period - Jack Roslovic is hit by Alex DeBrincat.
2:37 of 2nd period - Dmitri Orlov is hit by Reid McNeill and loses puck.
3:19 of 2nd period - Ryan Lindgren is hit by JC Lipon and loses puck.
3:53 of 2nd period - Slapshot by Joe Morrow.
3:53 of 2nd period - Deflect By Cristoval Nieves.
3:53 of 2nd period - Stopped by Anton Forsberg without a rebound.
3:54 of 2nd period - Jack Roslovic wins face-off versus Lucas Wallmarkk in Phantoms zone.
4:19 of 2nd period - Sonny Milano is hit by Cristoval Nieves and loses puck.
5:23 of 2nd period - Wrist shot by Lucas Wallmarkk.
5:23 of 2nd period - Deflect By Morgan Klimchuk.
5:23 of 2nd period - Goal by Morgan Klimchuk - Phantoms : 2 - Griffins : 1.
5:24 of 2nd period - Jack Roslovic wins face-off versus Michael Bournival in neutral zone.
5:51 of 2nd period - Nico Hischier is hit by Blake Heinrich and loses puck.
6:41 of 2nd period - Snap shot by Lucas Lessio.
6:41 of 2nd period - Shot Blocked by Brendan Leipsic.
6:43 of 2nd period - Slapshot by Jack Studnicka.
6:43 of 2nd period - Stopped by Anton Forsberg without a rebound.
6:44 of 2nd period - Jack Roslovic wins face-off versus Cristoval Nieves in Phantoms zone.
7:32 of 2nd period - Troy Terry is hit by Nick Sorensen and loses puck.
7:54 of 2nd period - Icing by Jack Studnicka.
7:55 of 2nd period - Cristoval Nieves wins face-off versus Cody Glass in Griffins zone.
8:50 of 2nd period - Snap shot by JC Lipon.
8:50 of 2nd period - Shot Misses the Net.
9:34 of 2nd period - Slapshot by Dmitri Orlov.
9:34 of 2nd period - Shot Blocked by Mikko Lehtonen.
9:36 of 2nd period - Wrist shot by Dmitri Orlov.
9:36 of 2nd period - Shot Blocked by Mikko Lehtonen.
9:54 of 2nd period - Slapshot by Chris Bigras.
9:54 of 2nd period - Stopped by Anton Forsberg without a rebound.
9:55 of 2nd period - Jack Roslovic wins face-off versus Michael Bournival in Phantoms zone.
9:58 of 2nd period - Slapshot by Jack Roslovic.
9:58 of 2nd period - Shot Blocked by Alex DeBrincat.
10:20 of 2nd period - Sven Andrighetto is hit by Brendan Woods and loses puck.
11:18 of 2nd period - Snap shot by Erik Nystrom.
11:18 of 2nd period - Shot Misses the Net.
11:32 of 2nd period - Wrist shot by Danny Kristo.
11:32 of 2nd period - Goal by Danny Kristo - Phantoms : 2 - Griffins : 2.
11:33 of 2nd period - Jack Roslovic wins face-off versus Cristoval Nieves in neutral zone.
12:07 of 2nd period - Chris Bigras is hit by Morgan Klimchuk and loses puck.
12:32 of 2nd period - Wrist shot by Sonny Milano.
12:32 of 2nd period - Stopped by Anton Forsberg with a rebound.
12:42 of 2nd period - Snap shot by Lucas Lessio.
12:42 of 2nd period - Shot Misses the Net.
12:44 of 2nd period - Snap shot by Ryan Lindgren.
12:44 of 2nd period - Deflect By Erik Nystrom.
12:44 of 2nd period - Stopped by Anton Forsberg with a rebound.
14:22 of 2nd period - Slapshot by Brendan Leipsic.
14:22 of 2nd period - Shot Misses the Net.
14:46 of 2nd period - Brendan Woods is hit by Sven Andrighetto and loses puck.
15:05 of 2nd period - Nico Hischier is hit by Erik Nystrom and loses puck.
15:18 of 2nd period - Rinat Valiev is hit by Jack Studnicka and loses puck.
15:41 of 2nd period - David Kampf is hit by Jack Roslovic and loses puck.
16:06 of 2nd period - Lucas Wallmarkk is hit by Brendan Woods and loses puck.
16:32 of 2nd period - Backhand shot by Adam Gaudette.
16:32 of 2nd period - Stopped by Anton Forsberg without a rebound.
16:33 of 2nd period - Jack Roslovic wins face-off versus Cristoval Nieves in Phantoms zone.
16:38 of 2nd period - Wrist shot by Tyler Bertuzzi.
16:38 of 2nd period - Shot Blocked by Reid McNeill.
16:40 of 2nd period - Slapshot by Joe Morrow.
16:40 of 2nd period - Shot Blocked by Blake Heinrich.
16:42 of 2nd period - Snap shot by Tyler Bertuzzi.
16:42 of 2nd period - Stopped by Anton Forsberg without a rebound.
16:43 of 2nd period - Jack Roslovic wins face-off versus Cristoval Nieves in Phantoms zone.
16:59 of 2nd period - Minor Penalty to Tyler Bertuzzi for Hooking.
17:00 of 2nd period - Cristoval Nieves wins face-off versus Danny Kristo in Griffins zone.
17:12 of 2nd period - Snap shot by Alex DeBrincat.
17:12 of 2nd period - Shot Blocked by Ryan Lindgren.
17:32 of 2nd period - Brendan Woods is hit by Lucas Wallmarkk.
18:02 of 2nd period - Brendan Woods is hit by Sven Andrighetto and loses puck.
18:13 of 2nd period - Cristoval Nieves is hit by Riley Armstrong and loses puck.
18:17 of 2nd period - Icing by Alex DeBrincat.
18:18 of 2nd period - Riley Armstrong wins face-off versus Cristoval Nieves in Phantoms zone.
18:19 of 2nd period - Snap shot by Lucas Lessio.
18:19 of 2nd period - Shot Blocked by Blake Heinrich.
18:37 of 2nd period - Sven Andrighetto is hit by Chris Bigras and loses puck.
18:59 of 2nd period - Penalty to Tyler Bertuzzi is over, Tyler Bertuzzi is back on ice.
19:07 of 2nd period - Snap shot by Sonny Milano.
19:07 of 2nd period - Stopped by Anton Forsberg without a rebound.
19:08 of 2nd period - Joe Snively wins face-off versus Nico Hischier in Phantoms zone.
19:13 of 2nd period - Adam Gaudette is hit by Cal Foote and loses puck.
19:26 of 2nd period - Snap shot by Adam Gaudette.
19:26 of 2nd period - Shot Misses the Net.
19:28 of 2nd period - Slapshot by Ian McCoshen.
19:28 of 2nd period - Shot Blocked by Joe Snively.
19:48 of 2nd period - Nico Hischier is hit by Nick Sorensen and loses puck.
Goals for this period are 1 for Phantoms vs 1 for Griffins.
Shots for this period are 4 for Phantoms vs 13 for Griffins.
3rd period
0:01 of 3rd period - Cristoval Nieves wins face-off versus Jack Roslovic in neutral zone.
0:13 of 3rd period - Wrist shot by Cristoval Nieves.
0:13 of 3rd period - Shot Blocked by Chris Bigras.
0:15 of 3rd period - Wrist shot by Michael Bournival.
0:15 of 3rd period - Stopped by Adam Werner with a rebound.
0:30 of 3rd period - Nick Sorensen is hit by Tyler Bertuzzi.
0:45 of 3rd period - Icing by Tyler Bertuzzi.
0:46 of 3rd period - Lucas Wallmarkk wins face-off versus Nico Hischier in Griffins zone.
0:58 of 3rd period - Snap shot by Lucas Wallmarkk.
0:58 of 3rd period - Shot Blocked by Ryan Pulock.
1:00 of 3rd period - Wrist shot by Morgan Klimchuk.
1:00 of 3rd period - Stopped by Adam Werner without a rebound.
1:01 of 3rd period - Cristoval Nieves wins face-off versus Riley Armstrong in Griffins zone.
1:11 of 3rd period - Icing by Brendan Woods.
1:12 of 3rd period - Riley Armstrong wins face-off versus Alex DeBrincat in Griffins zone.
1:45 of 3rd period - Icing by Dmitri Orlov.
1:46 of 3rd period - Riley Armstrong wins face-off versus Joe Snively in Griffins zone.
1:53 of 3rd period - Slapshot by Dmitri Orlov.
1:53 of 3rd period - Shot Blocked by Devon Teows.
1:55 of 3rd period - Slapshot by Dmitri Orlov.
1:55 of 3rd period - Shot Blocked by Erik Nystrom.
1:57 of 3rd period - Slapshot by Dmitri Orlov.
1:57 of 3rd period - Stopped by Anton Forsberg with a rebound.
2:01 of 3rd period - Snap shot by Troy Terry.
2:01 of 3rd period - Stopped by Anton Forsberg with a rebound.
2:08 of 3rd period - Minor Penalty to Nick Sorensen for Hooking.
2:09 of 3rd period - Michael Bournival wins face-off versus Jack Roslovic in Phantoms zone.
2:25 of 3rd period - Snap shot by Adam Gaudette.
2:25 of 3rd period - Goal by Adam Gaudette - Phantoms : 2 - Griffins : 3.
2:26 of 3rd period - Jack Roslovic wins face-off versus Cristoval Nieves in neutral zone.
2:28 of 3rd period - Ryan Pulock is hit by Cristoval Nieves.
3:18 of 3rd period - Troy Terry is hit by Rinat Valiev and loses puck.
3:55 of 3rd period - Slapshot by David Kampf.
3:55 of 3rd period - Stopped by Adam Werner with a rebound.
3:57 of 3rd period - Slapshot by Lucas Wallmarkk.
3:57 of 3rd period - Shot Blocked by Ryan Lindgren.
4:01 of 3rd period - Wrist shot by Morgan Klimchuk.
4:01 of 3rd period - Stopped by Adam Werner with a rebound.
4:03 of 3rd period - Slapshot by Cal Foote.
4:03 of 3rd period - Stopped by Adam Werner without a rebound.
4:04 of 3rd period - Adam Gaudette wins face-off versus Lucas Wallmarkk in Griffins zone.
4:44 of 3rd period - Ryan Lindgren is hit by Alex DeBrincat and loses puck.
5:03 of 3rd period - Snap shot by Erik Nystrom.
5:03 of 3rd period - Stopped by Adam Werner with a rebound.
5:05 of 3rd period - Slapshot by Rinat Valiev.
5:05 of 3rd period - Stopped by Adam Werner without a rebound.
5:06 of 3rd period - Morgan Klimchuk wins face-off versus Nico Hischier in Griffins zone.
5:11 of 3rd period - Snap shot by Morgan Klimchuk.
5:11 of 3rd period - Stopped by Adam Werner without a rebound.
5:12 of 3rd period - Sonny Milano wins face-off versus Lucas Wallmarkk in Griffins zone.
5:12 of 3rd period - Sonny Milano is hit by Devon Teows.
6:23 of 3rd period - Snap shot by Lucas Lessio.
6:23 of 3rd period - Stopped by Anton Forsberg without a rebound.
6:24 of 3rd period - Michael Bournival wins face-off versus Jack Studnicka in Phantoms zone.
6:35 of 3rd period - Backhand shot by Lucas Lessio.
6:35 of 3rd period - Shot Misses the Net.
6:49 of 3rd period - Ryan Pulock is hit by Joe Snively and loses puck.
6:57 of 3rd period - Off-side.
6:58 of 3rd period - Cristoval Nieves wins face-off versus Danny Kristo in neutral zone.
7:09 of 3rd period - Snap shot by Cristoval Nieves.
7:09 of 3rd period - Stopped by Adam Werner with a rebound.
7:24 of 3rd period - Minor Penalty to Joe Morrow for Interference.
7:25 of 3rd period - Cristoval Nieves wins face-off versus Danny Kristo in Griffins zone.
7:26 of 3rd period - Slapshot by Alex DeBrincat.
7:26 of 3rd period - Shot Misses the Net.
8:01 of 3rd period - Slapshot by Blake Heinrich.
8:01 of 3rd period - Stopped by Adam Werner with a rebound.
8:03 of 3rd period - Wrist shot by Morgan Klimchuk.
8:03 of 3rd period - Stopped by Adam Werner without a rebound.
8:04 of 3rd period - Riley Armstrong wins face-off versus Michael Bournival in Griffins zone.
8:31 of 3rd period - Snap shot by Morgan Klimchuk.
8:31 of 3rd period - Shot Misses the Net.
9:24 of 3rd period - Penalty to Joe Morrow is over, Joe Morrow is back on ice.
9:50 of 3rd period - Snap shot by Danny Kristo.
9:50 of 3rd period - Stopped by Anton Forsberg with a rebound.
9:52 of 3rd period - Wrist shot by Tyler Bertuzzi.
9:52 of 3rd period - Goal by Tyler Bertuzzi - Phantoms : 2 - Griffins : 4.
9:53 of 3rd period - Cristoval Nieves wins face-off versus Nico Hischier in neutral zone.
10:00 of 3rd period - Snap shot by Alex DeBrincat.
10:00 of 3rd period - Shot Misses the Net.
10:02 of 3rd period - Backhand shot by Reid McNeill.
10:02 of 3rd period - Shot Misses the Net.
10:04 of 3rd period - Slapshot by Reid McNeill.
10:04 of 3rd period - Shot Blocked by Sonny Milano.
10:06 of 3rd period - Snap shot by Cristoval Nieves.
10:06 of 3rd period - Stopped by Adam Werner without a rebound.
10:07 of 3rd period - Jack Roslovic wins face-off versus Sven Andrighetto in Griffins zone.
11:35 of 3rd period - Snap shot by Joe Snively.
11:35 of 3rd period - Stopped by Adam Werner without a rebound.
11:36 of 3rd period - Jack Roslovic wins face-off versus Lucas Wallmarkk in Griffins zone.
11:43 of 3rd period - Minor Penalty to Reid McNeill for Roughing.
11:44 of 3rd period - Michael Bournival wins face-off versus Jack Roslovic in Phantoms zone.
12:09 of 3rd period - Michael Bournival is hit by Riley Armstrong.
13:33 of 3rd period - A.J. Greer is hit by Sonny Milano and loses puck.
13:43 of 3rd period - Penalty to Reid McNeill is over, Reid McNeill is back on ice.
13:48 of 3rd period - Michael Bournival is hit by Dmitri Orlov and loses puck.
14:07 of 3rd period - Troy Terry is hit by Mikko Lehtonen and loses puck.
14:14 of 3rd period - Blake Heinrich is hit by Brendan Woods and loses puck.
14:29 of 3rd period - Ryan Pulock is hit by Joe Snively.
15:04 of 3rd period - Snap shot by Blake Heinrich.
15:04 of 3rd period - Stopped by Adam Werner with a rebound.
15:24 of 3rd period - Tyler Bertuzzi is hit by Cristoval Nieves and loses puck.
15:59 of 3rd period - Brendan Woods is hit by Sven Andrighetto and loses puck.
16:24 of 3rd period - Wrist shot by Michael Bournival.
16:24 of 3rd period - Shot Misses the Net.
16:26 of 3rd period - Slapshot by Rinat Valiev.
16:26 of 3rd period - Stopped by Adam Werner without a rebound.
16:27 of 3rd period - Cody Glass wins face-off versus David Kampf in Griffins zone.
16:27 of 3rd period - Cody Glass is hit by JC Lipon.
16:45 of 3rd period - Slapshot by Jack Roslovic.
16:45 of 3rd period - Deflect By Danny Kristo.
16:45 of 3rd period - Stopped by Anton Forsberg without a rebound.
16:46 of 3rd period - Michael Bournival wins face-off versus Jack Roslovic in Phantoms zone.
17:41 of 3rd period - Snap shot by Sonny Milano.
17:41 of 3rd period - Deflect By Joe Snively.
17:41 of 3rd period - Shot Misses the Net.
17:41 of 3rd period - Puck is out of play.
17:42 of 3rd period - Jack Roslovic wins face-off versus Cristoval Nieves in Phantoms zone.
18:09 of 3rd period - Morgan Klimchuk is hit by Troy Terry and loses puck.
18:28 of 3rd period - Wrist shot by Nico Hischier.
18:28 of 3rd period - Shot Misses the Net.
18:30 of 3rd period - Snap shot by Nico Hischier.
18:30 of 3rd period - Stopped by Anton Forsberg with a rebound.
18:32 of 3rd period - Slapshot by Adam Gaudette.
18:32 of 3rd period - Stopped by Anton Forsberg without a rebound.
18:33 of 3rd period - Cristoval Nieves wins face-off versus Riley Armstrong in Phantoms zone.
18:59 of 3rd period - Minor Penalty to Tyler Bertuzzi for High sticking.
19:00 of 3rd period - Cristoval Nieves wins face-off versus Danny Kristo in Griffins zone.
Goals for this period are 0 for Phantoms vs 2 for Griffins.
Shots for this period are 15 for Phantoms vs 9 for Griffins.